 Dungeon Crawl Stone Soup version 0.29.1-12-g30fa7ad0bf (webtiles) character file.

Game seed: 16931336748748517342

67 KittyFluff the Trooper (level 4, 0/29 HPs)
             Began as a Gargoyle Berserker on Jan 8, 2023.
             Was a Believer of Trog.
             Slain by an orc
             ... wielding a +0 club
              (4 damage)
             ... on level 3 of the Dungeon.
             The game lasted 00:07:06 (1825 turns).

KittyFluff the Trooper (Gargoyle Berserker)         Turns: 1825, Time: 00:07:06

Health: 0/29       AC:  8    Str: 20    XL:     4   Next: 18%
Magic:  4/4        EV: 12    Int:  8    God:    Trog [**....]
Gold:   76         SH:  0    Dex: 11    Spells: 3/3 levels left

rFire   . . .      SeeInvis .   a - +0 mace
rCold   . . .      Faith    .   (no shield)
rNeg    + . .      Spirit   .   b - +0 animal skin
rPois   ∞          Reflect  .   (no helmet)
rElec   +          Harm     .   (no cloak)
rCorr   .          Rampage  .   o - +0 pair of gloves
Will    .....                   c - +0 pair of boots
Stlth   +.........              (no amulet)
HPRegen 0.09/turn               (no ring)
MPRegen 0.09/turn               (no ring)

@: no status effects
A: sickness immunity, AC +3, negative energy resistance 1, electricity
resistance, torment resistance 1, petrification resistance
a: Renounce Religion, Berserk, Trog's Hand


You were on level 3 of the Dungeon.
You worshipped Trog.
Trog was pleased with you.
You visited 1 branch of the dungeon, and saw 3 of its levels.

You collected 76 gold pieces.

Inventory:

Hand Weapons
 a - a +0 mace (weapon)
Missiles
 d - 26 stones (quivered)
 e - 8 poisoned darts
Armour
 b - a +0 animal skin (worn)
 c - a +0 pair of boots (worn)
 l - a +0 ring mail
 o - a +0 pair of gloves (worn)
Scrolls
 f - a scroll of blinking {unknown}
 j - a scroll of teleportation
 k - a scroll of immolation {unknown}
 q - a scroll of identify {unknown}
 r - a scroll of enchant armour {unknown}
Potions
 g - a potion of brilliance {unknown}
 h - a potion of curing {unknown}
 i - a potion of might {unknown}
 m - 2 potions of degeneration {unknown}
 n - 2 potions of attraction {unknown}
 p - a potion of lignification {unknown}


   Skills:
 + Level 3.8 Fighting
 + Level 3.4 Maces & Flails
 * Level 3.3 Armour
 + Level 2.1 Dodging


You had 3 spell levels left.
You didn't know any spells.
Your spell library was empty.

Dungeon Overview and Level Annotations

Branches:
Dungeon (3/15)

Altars:


Innate Abilities, Weirdness & Mutations

You are immune to sickness and miasma.
Your stone body is resilient. (AC +3)
You are immune to poison.
You resist negative energy. (rN+)
You are resistant to electric shocks. (rElec)
You are resistant to unholy torment.
You are immune to petrification.


Message History

You hit the orc.
The orc is almost dead.
The orc barely misses you.
You hit the orc.
You kill the orc!
Trog accepts your kill.
You barely miss the orc. The orc hits you with a +0 flail.
You barely miss the orc. The orc hits you with a +0 flail. x2
You hit the orc but do no damage. The orc barely misses you.
You hit the orc.
The orc is lightly wounded.
The orc barely misses you.
You barely miss the orc. You punch the orc, but do no damage.
The orc is lightly wounded.
The orc closely misses you. The orc hits you with a +0 flail.
You thump the orc!
You kill the orc!
Trog accepts your kill. The orc barely misses you.
The orc hits you with a +0 flail.
You closely miss the orc. The orc closely misses you.
You barely miss the orc. The orc closely misses you.
You hit the orc.
The orc is severely wounded.
The orc hits you with a +0 flail.
A worm comes into view.
The orc barely misses you.
You hit the orc but do no damage.
The orc is severely wounded.
The orc hits you with a +0 flail.
You barely miss the orc.
The orc is severely wounded.
The orc hits you with a +0 flail.
* * * LOW HITPOINT WARNING * * *
You sock the orc!
You kill the orc!
Trog accepts your kill.
You hit the orc.
The orc is almost dead.
The orc hits you but does no damage. The orc hits you with a +0 club.
You die...

#..#.....##
#$#.....o.##
...........#
#.........#
#.........#
#.........#
#..>>.....#
#######.........#
#.!.o@).........#
#.#####.........#
#.........#
#...<.....#
##.......##
##.....## #######


You could see an orc.

Vanquished Creatures
  A gnoll (D:1)
  A dart slug (D:1)
  3 orcs (D:3)
  5 bats
  2 endoplasms
  4 giant cockroaches
  7 goblins
  2 hobgoblins (D:2)
  3 jackals (D:2)
  4 quokkas
  4 ball pythons
  5 frilled lizards
  3 kobolds
  5 rats
49 creatures vanquished.

Vanquished Creatures (others)
  4 plants (D:1)
4 creatures vanquished.

Grand Total: 53 creatures vanquished

Notes
Turn   | Place    | Note
-------+----------+-------------------------------------------
     0 | D:1      | KittyFluff the Gargoyle Berserker began the quest for the
                  | Orb.
     0 | D:1      | Reached XP level 1. HP: 14/14 MP: 1/1
   188 | D:1      | Found a faded altar of an unknown god.
   230 | D:1      | Reached XP level 2. HP: 11/19 MP: 2/2
   621 | D:1      | Reached XP level 3. HP: 7/23 MP: 3/3
  1128 | D:2      | Reached ** piety under Trog
  1520 | D:2      | Reached XP level 4. HP: 26/29 MP: 4/4
  1825 | D:3      | Slain by an orc

Illustrated notes

Levels and vault maps discovered:
D:1:      tarquinn_simple_flora_water_d, layout_basic, serial_bayou,
          serial_bayou_pond_d, serial_bayou_pond_e, serial_bayou_lake_a,
          serial_bayou_ford_a, dilly_ecumenical_altar_fadedgnrine,
          minmay_split_cup_large
D:2:      layout_basic, minmay_misc_feat_chi
D:3:      layout_rooms

Skill      XL: |  1  2  3 |
---------------+----------+-----
Armour         | 3 |  3.3
Dodging        | 2 |  2.1
Fighting       | |  3.8
Maces & Flails | |  3.4

Action                   |  1- 3 |  4- 6 || total
-------------------------+-------+-------++-------
Melee: Mace              |   124 |    26 ||   150
       Punch             |     2 |     1 ||     3
Invok: Berserk           |     1 |       ||     1
  Use: Scroll            |     1 |       ||     1
Armor: Animal skin       |    55 |     5 ||    60
Dodge: Dodged            |    86 |    21 ||   107
